 Dungeon Crawl Stone Soup version 0.30-a0-738-g116ff8c4af (webtiles) character file.

Game seed: 14522373364020217937

489 greenreed the Trooper (level 6, -2/56 HPs)
             Began as a Draconian Fighter on Feb 3, 2023.
             Was an Initiate of Qazlal.
             Slain by Eustachio
             ... wielding a +5 rapier of venom
              (3 damage)
             ... on level 5 of the Dungeon.
             The game lasted 00:07:47 (4202 turns).

greenreed the Trooper (Draconian Fighter)           Turns: 4202, Time: 00:07:48

Health: -2/56      AC:  6    Str: 20    XL:     6   Next: 90%
Magic:  6/6        EV: 12    Int:  9    God:    Qazlal [......]
Gold:   244        SH:  4    Dex: 10    Spells: 5/5 levels left

rFire   . . .      SeeInvis .    a - +0 flail
rCold   + . .      Faith    .    b - +0 buckler
rNeg    . . .      Spirit   .    (body armour unavailable)
rPois   .          Reflect  .    (helmet restricted)
rElec   .          Harm     .    (no cloak)
rCorr   .          Rampage  .    (no gloves)
Will    .....                    (no boots)
Stlth   ++                       (no amulet)
HPRegen 0.29/turn                i - ring of protection from cold
MPRegen 0.10/turn                (no ring)

@: no status effects
A: AC +6, unfitting armour, cold-blooded
a: Renounce Religion


You were on level 5 of the Dungeon.
You worshipped Qazlal.
Qazlal was noncommittal.
You visited 2 branches of the dungeon, and saw 6 of its levels.

You collected 244 gold pieces.

Inventory:

Hand Weapons
 a - a +0 flail (weapon)
Missiles
 e - 2 curare-tipped darts (quivered)
 j - 5 boomerangs of dispersal
Armour
 b - a +0 buckler (worn)
Magical Staves
 u - a staff of air
Jewellery
 i - a ring of protection from cold (left hand)
 v - a +6 ring of intelligence
Wands
 s - a wand of roots (3)
Scrolls
 f - 3 scrolls of brand weapon {unknown}
 g - a scroll of enchant weapon {unknown}
 h - 2 scrolls of fog {unknown}
 k - 2 scrolls of teleportation {unknown}
 m - 2 scrolls of identify {unknown}
 n - 2 scrolls of vulnerability {unknown}
 o - 2 scrolls of torment {unknown}
 q - a scroll of immolation {unknown}
 r - a scroll of noise {unknown}
 w - a scroll of magic mapping {unknown}
 y - a scroll of blinking {unknown}
Potions
 c - 2 potions of might
 d - 4 potions of curing {unknown}
 l - 2 potions of mutation {unknown}
 p - a potion of lignification {unknown}
 t - a potion of brilliance {unknown}
 x - 2 potions of degeneration {unknown}


   Skills:
 * Level 5.0 Fighting
 * Level 5.0 Maces & Flails
 + Level 3.8 Dodging
 + Level 1.5 Stealth
 + Level 3.8 Shields
 * Level 0.1 Invocations


You had 5 spell levels left.
You didn't know any spells.
Your spell library contained the following spells:

 Spells                   Type           Power      Damage    Failure   Level
 Static Discharge         Conj/Air       0%         2-2/arc   61%         2
 Vhi's Electric Charge    Tloc/Air       0%         N/A       83%         3
 Olgreb's Toxic Radiance  Pois           0%         N/A       99%         4
 Arcjolt                  Conj/Air       0%         1d10      100%        5
 Lightning Bolt           Conj/Air       0%         1d11      100%        5
 Ozocubu's Refrigeration  Ice            0%         4d7       100%        7
 Ignition                 Fire           0%         3d3       100%        8


Dungeon Overview and Level Annotations

Branches:
Dungeon (5/15)             Temple (1/1) D:4

Altars:
Ashenzari
Cheibriados
Dithmenos
Elyvilon
Fedhas
Gozag
Kikubaaqudgha
Nemelex Xobeh
Okawaru
Qazlal
Ru
Sif Muna
Trog
Uskayaw
Vehumet
Xom
Yredelemnul
Zin
The Shining One

Shops:
D:2 [

Annotations:
D:5 Eustachio
Temple 4 transporters


Innate Abilities, Weirdness & Mutations

Your plain brown scales are hard. (AC +6)
You cannot fit into any form of body armour.
You are cold-blooded and may be slowed by cold attacks.


Message History

The steam dragon bites you. The steam dragon claws you.
You barely miss the steam dragon.
The steam dragon is severely wounded.
The steam dragon barely misses you. You block the steam dragon's attack.
The steam dragon misses you. The steam dragon barely misses you.
An orc comes into view. It is wielding a +0 mace.
You closely miss the steam dragon.
The steam dragon is severely wounded.
The steam dragon breathes steam at you. The ball of steam hits you!
You hear a shout!
You hear an angry hiss.
The steam dragon bites you but does no damage.
The steam dragon claws you. The orc closely misses you.
The steam dragon breathes steam at you. The ball of steam hits you.
* * * LOW HITPOINT WARNING * * *
You hear an angry hiss.
The orc attacks as you move away! The orc hits you with a +0 club.
* * * LOW HITPOINT WARNING * * *
Eustachio the Magnificent comes into view.
He is wielding a +5 rapier of venom.
Eustachio shouts!
You block the steam dragon's attack. The steam dragon misses you.
The orc is engulfed in a cloud of scalding steam.
The steam dragon closely misses you.
The steam dragon claws you but does no damage.
The steam dragon attacks as you move away!
The steam dragon bites you.
* * * LOW HITPOINT WARNING * * *
You block the steam dragon's attack.
You see here a +0 spear.
The steam dragon attacks as you move away!
The steam dragon completely misses you. The steam dragon claws you.
* * * LOW HITPOINT WARNING * * *
An adder comes into view.
Eustachio hits you but does no damage.
There is a stone staircase leading down here.
Eustachio attacks as you move away!
Eustachio hits you with a +5 rapier of venom.
You die...

..# ....ยง.....# ..#
.........# . #.#
###......... #..
#.###...........
.....##.#.............
..$...................
/.....##.#o...........
..... #<.#@#o.........
#... ##.@D)..........
....................<.
.....?.....##.........
. S........####..###..
.........# ..# ..
......##.. .## ......
#... .# ...... ....


You could see Eustachio, a steam dragon, an adder (wandering) and 2 orcs.

Vanquished Creatures
  2 orc priests
  3 hounds
  A jelly (D:4)
  2 iguanas (D:4)
  Ijyb (D:3)
  4 orc wizards
  4 adders
  An ufetubus (D:4)
  2 worms
  5 orcs
  8 ball pythons
  8 endoplasms
  A giant cockroach (D:4)
  8 goblins
  7 hobgoblins
  6 jackals
  4 quokkas
  2 bats
  3 frilled lizards (D:1)
  12 kobolds
  8 rats
92 creatures vanquished.

Notes
Turn   | Place    | Note
-------+----------+-------------------------------------------
     0 | D:1      | greenreed the Draconian Fighter began the quest for the
                  | Orb.
     0 | D:1      | Reached XP level 1. HP: 19/19 MP: 1/1
   340 | D:1      | Reached XP level 2. HP: 26/26 MP: 2/2
   813 | D:1      | Found a faded altar of an unknown god.
   991 | D:2      | Reached XP level 3. HP: 22/31 MP: 3/3
  1334 | D:2      | Found Mimytot's Armour Emporium.
  1572 | D:3      | Reached XP level 4. HP: 40/40 MP: 4/4
  1663 | D:3      | Reached skill level 1 in Stealth
  1763 | D:3      | Reached XP level 5. HP: 31/46 MP: 5/5
  2060 | D:3      | Identified the +11 war axe "Atadu" {drain, Int+4}
  2348 | D:3      | Noticed Ijyb
  2369 | D:3      | Killed Ijyb
  2765 | D:3      | Reached XP level 6. HP: 15/53 MP: 6/6
  3181 | D:3      | HP: 2/53 [hound (3)]
  3653 | D:4      | Found a staircase to the Ecumenical Temple.
  3660 | Temple   | Entered the Ecumenical Temple
  3660 | Temple   | Found a transporter.
  3660 | Temple   | Found a transporter.
  3662 | Temple   | Found a transporter.
  3662 | Temple   | Found a transporter.
  3683 | Temple   | Became a worshipper of Qazlal Stormbringer
  3953 | D:4      | Reached skill level 5 in Fighting
  3953 | D:4      | Reached skill level 5 in Maces & Flails
  4040 | D:4      | Found a large runed translucent door.
  4040 | D:4      | Found a large runed translucent door.
  4042 | D:4      | Found a shimmering altar of Xom.
  4172 | D:5      | Entered Level 5 of the Dungeon
  4175 | D:5      | Noticed a steam dragon
  4196 | D:5      | Noticed Eustachio
  4201 | D:5      | HP: 1/56 [steam dragon (5)]
  4202 | D:5      | Slain by Eustachio

Illustrated notes

Levels and vault maps discovered:
D:1:      tarquinn_simple_flora_water_d, layout_loops_corners,
          hellmonk_ecumenical_altar_heavens_door, nrook_loot_triangle,
          minmay_tromino_v4_a
D:2:      layout_rooms, serial_shops, nicolae_shop_trees
D:3:      layout_loops_corners, uniq_ijyb
D:4:      due_chaos_kobolds, layout_rooms, minmay_temple_entry_junction
D:5:      layout_cave_pools, nicolae_overflow_two_pavilions, uniq_eustachio
Temple:   hellmonk_temple_divided_pantheon

Skill      XL: |  1  2  3  4  5  6 |
---------------+-------------------+-----
Dodging        | 3 |  3.8
Maces & Flails | 3 4 5 |  5.0
Fighting       | 4 5 |  5.0
Stealth        | 1 |  1.5
Shields        | |  3.8
Invocations    | |  0.1

Action                     |  1- 3 |  4- 6 || total
---------------------------+-------+-------++-------
  Melee: Flail             |   126 |   215 ||   341
         Tailslap          |     9 |    28 ||    37
   Stab: Sleeping          |     1 |     3 ||     4
 Armour: Skin              |    33 |   100 ||   133
  Dodge: Dodged            |    70 |   156 ||   226
  Block: Buckler           |    33 |    68 ||   101

Table legend: (Time is in decaauts)
 A = Elapsed time spent in this place.
 B = Non-inter-level travel time spent in this place.
 C = Inter-level travel time spent in this place.
 D = Time resting spent in this place.
 E = Time spent auto-exploring this place.
 F = Levels seen in this place.
 G = Mean time per level.
                   A        B        C        D        E       F      G
               +--------+--------+--------+--------+--------+-----+--------+
         Total |   4293 |   4187 |    106 |    432 |   2881 |   6 |  715.5 |
       Dungeon |   4251 |   4162 |     89 |    432 |   2881 |   5 |  850.2 |
        Temple |     41 |     24 |     17 |      0 |      0 |   1 |   41.0 |
               +--------+--------+--------+--------+--------+-----+--------+

Top non-repeatable levels by time:
     D:3: 1623 daAuts
     D:4: 1138 daAuts
     D:1: 1004 daAuts
     D:2: 452 daAuts
  Temple: 41 daAuts
     D:5: 31 daAuts
